 Dungeon Crawl Stone Soup version 0.29-a0-577-gafbf2c5d25 (webtiles) character file.

Game seed: 11739210707502597702

51 xian the Bolt Thrower (level 3, -2/20 HPs)
             Began as a Tengu Arcane Marksman on June 13, 2022.
             Slain by a goblin
             ... wielding a +0 mace
              (7 damage)
             ... on level 2 of the Dungeon.
             The game lasted 00:02:34 (1894 turns).

xian the Bolt Thrower (Tengu Arcane Marksman)       Turns: 1894, Time: 00:02:36

Health: -2/20      AC:  2    Str: 12    XL:     3   Next: 81%
Magic:  4/5        EV: 12    Int: 13    God:
Gold:   32         SH:  0    Dex: 14    Spells: 3/4 levels left

rFire   . . .      SeeInvis .   a - +0 hand crossbow
rCold   . . .      Faith    .   (no shield)
rNeg    . . .      Spirit   .   b - +0 robe
rPois   .          Reflect  .   (helmet restricted)
rElec   .          Harm     .   (no cloak)
rCorr   .          Rampage  .   (no gloves)
Will    .....                   (boots unavailable)
Stlth   +.........              (no amulet)
HPRegen 0.06/turn               (no ring)
MPRegen 0.09/turn               (no ring)

@: no status effects
A: beak, talons 3
a: no special abilities


You were on level 2 of the Dungeon.
You visited 1 branch of the dungeon, and saw 2 of its levels.

You collected 32 gold pieces.

Inventory:

Hand Weapons
 a - a +0 hand crossbow (weapon)
 e - a +0 hand axe
Armour
 b - a +0 robe (worn)
Scrolls
 c - a scroll of vulnerability
Potions
 d - 2 potions of invisibility {unknown}
 f - a potion of curing {unknown}
 g - a potion of heal wounds {unknown}


   Skills:
 + Level 1.4 Fighting
 + Level 3.5 Crossbows
 + Level 2.3 Dodging
 + Level 1.1 Spellcasting
 + Level 2.5 Hexes


You had 3 spell levels left.
You knew the following spells:

 Your Spells              Type           Power      Damage    Failure   Level
a - Slow                  Hex            28%        N/A       10%         1

Your spell library contained the following spells:

 Spells                   Type           Power      Damage    Failure   Level
 Inner Flame              Hex/Fire       4%         N/A       45%         3
 Portal Projectile        Hex/Tloc       8%         N/A       45%         3
 Cause Fear               Hex            3%         N/A       69%         4


Dungeon Overview and Level Annotations

Branches:
Dungeon (2/15)

Altars:


Innate Abilities, Weirdness & Mutations

You have a beak for a mouth.
You have claws for feet.


Message History

You shoot a bolt. The bolt closely misses the goblin.
The goblin shouts!
No target in view!
No target in view!
No target in view!
No target in view!
No target in view!
You shoot a bolt. The bolt closely misses the goblin.
You shoot a bolt. The bolt barely misses the goblin.
You shoot a bolt. The bolt completely misses the goblin.
The goblin hits you with a +0 mace.
You shoot a bolt.
The bolt hits the goblin but does no damage.
The goblin barely misses you.
You shoot a bolt. The bolt barely misses the goblin.
The goblin hits you with a +0 mace.
You are too injured to fight recklessly!
You are too injured to fight recklessly!
You are too injured to fight recklessly!
You are too injured to fight recklessly!
You are too injured to fight recklessly!
You are too injured to fight recklessly!
You are too injured to fight recklessly!
You are too injured to fight recklessly!
Casting: Slow (safe; 10% risk of failure)
Confirm with . or Enter, or press ? or * to list all spells.
Aiming: Slow (safe; 10% risk of failure)
Press: ? - help, Shift-Dir - straight line, f/p - goblin
Aim: a goblin, wielding a +0 mace and wearing a +0 ring mail (chance to affect: 62%)
The goblin resists with significant effort.
The goblin hits you with a +0 mace.
* * * LOW HITPOINT WARNING * * *
The goblin barely misses you.
You are too injured to fight recklessly!
Shoot: a) +0 hand crossbow
Press: ? - help, Q - select action, (/) - cycle Shift-Dir - straight line, f/p - goblin
Aim: a goblin, wielding a +0 mace and wearing a +0 ring mail (57% to hit)
You shoot a bolt. The bolt closely misses the goblin.
The goblin hits you with a +0 mace!
You die...

.≈≈...... ≈⌠..... ≈.≈...
.... ...# #..# #####..#
#.@g...# #.####># ## #.#
## ##..###.## ...###...##
# ....#.....## #
...........##### #
.........#.....# #
.........##....##########


You could see a goblin.

Vanquished Creatures
  An adder (D:2)
  A worm (D:2)
  2 dart slugs (D:1)
  7 bats
  5 endoplasms (D:1)
  A giant cockroach (D:2)
  2 hobgoblins (D:1)
  3 jackals (D:1)
  A quokka (D:1)
  2 ball pythons (D:1)
  A goblin (D:1)
  2 kobolds (D:1)
  5 rats (D:1)
33 creatures vanquished.

Notes
Turn   | Place    | Note
-------+----------+-------------------------------------------
     0 | D:1      | xian the Tengu Arcane Marksman began the quest for the Orb.
     0 | D:1      | Reached XP level 1. HP: 12/12 MP: 3/3
   234 | D:1      | Reached XP level 2. HP: 12/16 MP: 4/4
   969 | D:1      | Reached XP level 3. HP: 20/20 MP: 5/5
  1121 | D:1      | Reached skill level 3 in Crossbows
  1894 | D:2      | Slain by a goblin

Illustrated notes

Levels and vault maps discovered:
D:1:      nicolae_arrival_somewhat_less_tricky_arrival, layout_loops_corners
D:2:      layout_basic, basic_altar, corexii_leaking_fountain,
          kennysheep_decorative_pillar, serial_bayou_pond_c, minmay_lizard_pond,
          uniq_sigmund

Skill      XL: |  1  2  3 |
---------------+----------+-----
Crossbows      | 3 |  3.5
Fighting       | |  1.4
Dodging        | |  2.3
Spellcasting   | |  1.1
Hexes          | |  2.5

Action                   || total
-------------------------++-------
 Fire: Hand crossbow     ||   113
 Cast: Slow              ||     4
  Use: Scroll            ||     1
Armor: Robe              ||     8
Dodge: Dodged            ||    37

Table legend: (Time is in decaauts)
 A = Elapsed time spent in this place.
 B = Non-inter-level travel time spent in this place.
 C = Inter-level travel time spent in this place.
 D = Time resting spent in this place.
 E = Time spent auto-exploring this place.
 F = Levels seen in this place.
 G = Mean time per level.
                   A        B        C        D        E       F      G
               +--------+--------+--------+--------+--------+-----+--------+
         Total |   1934 |   1914 |     20 |    280 |   1399 |   2 |  967.0 |
       Dungeon |   1934 |   1914 |     20 |    280 |   1399 |   2 |  967.0 |
               +--------+--------+--------+--------+--------+-----+--------+

Top non-repeatable levels by time:
     D:1: 1486 daAuts
     D:2: 448 daAuts
